[Event "Božićni turnir u VaraždinskimToplicama 26.12.2025."]
[Site "Varazdinske Toplice, Croatia"]
[Date "2025.12.26"]
[Round "5.1"]
[White "Mravunac, Damir"]
[Black "Segovic, Goran"]
[Result "0-1"]
[TimeControl "10"]
[WhiteFideId "14502810"]
[BlackFideId "14508842"]
[WhiteElo "2044"]
[BlackElo "2324"]

1. e4 e5 2. Bc4 Nf6 3. Qf3 Bc5 4.
Nc3 c6 5. Nge2 b5 6. Bb3 b4 7. Na4 Be7 8. d4 d6 9. h3 Nbd7 10. c3 a5 11. g4 O-O 12. Be3 Ba6 13. Ng3 bxc3 14.
Nxc3 exd4 15. Bxd4 c5 16. Bxf6 Bxf6 17. O-O-O Ne5 18. Qe3 c4 19. Bc2 Rb8 20. Nh5 Nd3+ 21. Bxd3 Bxc3 22. bxc3 cxd3 23. Qd4 f6 24. g5 Qe8 25.
Qd5+ Kh8 26. gxf6 g6 27. f7 Qxf7 28. Qd4+ Kg8 29. Rd2 Qb7 30. Qd5+ Qxd5 31. exd5 gxh5 32. Rg1+ Kf7 33. Rg5 Rg8 34. f4 Rxg5 35.
fxg5 Kg6 36. h4 Rf8 37. Kb2 Rf4 38.
c4 Bxc4 39. Kc3 Rxh4 40. Kd4 0-1

[Event "Božićni turnir u VaraždinskimToplicama 26.12.2025."]
[Site "Varazdinske Toplice, Croatia"]
[Date "2025.12.26"]
[Round "5.2"]
[White "Petrus, Adrian"]
[Black "Radic, Goran"]
[Result "1-0"]
[TimeControl "10"]
[WhiteFideId "14573652"]
[BlackFideId "14533995"]
[WhiteElo "1636"]
[BlackElo "2051"]

1. e4 d6 2. d4 Nf6 3. Nc3 Nbd7 4.
Be3 e5 5. f3 Be7 6. Qd2 O-O 7. O-O-O c6 8. g4 b5 9. h4 a5 10. h5 a4 11. Kb1 b4 12. Nce2 b3 13. cxb3 axb3 14. axb3 Qc7 15. Nc1 Ba6 16.
Nge2 Rfb8 17. Nc3 Qa7 18. dxe5 c5 19. exf6 Bxf6 20. g5 Be7 21. Nd5 Bf8 22. g6 Ne5 23. f4 Nf3 24. Qf2 Bxf1 25.
Qxf1 Qa1+ 26. Kc2 Nd4+ 27. Bxd4 cxd4 28. Nd3 Qa2 29. b4 Qc4+ 30. Kd2 f5 31. Rc1 Qa2 32. gxh7+ Kh8 33. Qf3 fxe4 34. Qxe4 Re8 35. Qxd4 Qa7 36. Qxa7 Rxa7 37. Rhe1 Raa8 1-0

[Event "Božićni turnir u VaraždinskimToplicama 26.12.2025."]
[Site "Varazdinske Toplice, Croatia"]
[Date "2025.12.26"]
[Round "5.3"]
[White "Vidovic, Sasa"]
[Black "Sagovac, Kristijan"]
[Result "1/2-1/2"]
[TimeControl "10"]
[WhiteFideId "14505010"]
[BlackFideId "14542960"]
[WhiteElo "2202"]
[BlackElo "2014"]

1. b3 g6 2. Bb2 Nf6 3. g4 Bg7 4. g5 Nh5 5. Bxg7 Nxg7 6. Nc3 d5 7.
d4 Bf5 8. Bg2 c6 9. Qd2 Na6 10.
a3 Qd6 11. Nf3 Nc7 12. e3 Nge6 13. h4 Bg4 14. Nh2 Bh5 15. Bf3 Ng7 16. Bxh5 Nxh5 17. Nf3 Ng7 18.
a4 Nf5 19. h5 gxh5 20. Rxh5 Qg6 21. Rh2 Ne6 22. O-O-O O-O-O 23. Ne5 Qg7 24. f4 f6 25. Nf3 fxg5 26. fxg5 Nxg5 27. Ne5 e6 28. Kb1 Qe7 29. Rdh1 h6 30. Ng6 Qf6 31. Nxh8 Nf3 32. Qf2 Nxh2 33. Rxh2 Rxh8 34. Ne2 Rg8 35.
Nf4 e5 36. dxe5 Qxe5 37. Rh3 Re8 38. Nd3 Qe6 39. Nc5 Qg6 40. Rf3 Nd6 41. Rf6 Ne4 42. Nxe4 Qxe4 43. Rxh6 Qxe3 44. Qf5+ Kb8 45.
Rh1 Qe4 46. Qh5 a6 47. Rf1 Rg8 48.
Qh2+ Ka8 49. Qf2 Re8 50. Qc5 Qe7 51. Qb6 Qd8 52. Qc5 Qc7 53. a5 Rd8 54. Ka2 d4 55. Rf5 d3 56. cxd3 Rxd3 57. Rf8+ Rd8 58. Rxd8+ Qxd8 59. b4 Qd2+ 60. Ka3 Qd3+ 61. Kb2 Qe2+ 62. Ka3 Qd3+ 63. Kb2 Qd2+ 64. Ka3 Qd3+ 65. Kb2 Qd5 66. Ka2 Qd8 1/2-1/2

[Event "Božićni turnir u VaraždinskimToplicama 26.12.2025."]
[Site "Varazdinske Toplice, Croatia"]
[Date "2025.12.26"]
[Round "5.4"]
[White "Srsan, Matija"]
[Black "Zelenika, Zoran"]
[Result "0-1"]
[TimeControl "10"]
[WhiteFideId "14520001"]
[BlackFideId "14534452"]
[WhiteElo "1942"]
[BlackElo "2031"]

1. b3 Nf6 2. Bb2 g6 3. g4 h6 4. Bg2 Bg7 5. h3 d5 6. e3 O-O 7. f4 c5 8. Nf3 Nc6 9. g5 hxg5 10.
Nxg5 e5 11. fxe5 Nd7 12. h4 Ndxe5 13. Nc3 Bg4 14. Bf3 Nxf3+ 15. Nxf3 Ne5 16. Nxe5 Bxd1 17. Nxd1 d4 18. Nd3 dxe3 19.
Nxe3 Re8 20. O-O-O b5 21. Bxg7 Kxg7 22. h5 c4 23. Nb2 cxb3 24. axb3 Rh8 25.
Rdg1 Qd7 26. Nd3 Rad8 27. Rh2 Kf8 28. h6 Qd4 29. Kb1 Qe4 30. Rg4 Qe6 31. Rhh4 Rxd3 32. cxd3 Qxb3+ 33. Kc1 Qa3+ 34. Kd1 Qd6 35. Rd4 Qc7 36.
Nd5 Qb7 37. Nf6 Qf3+ 38. Kc2 Qxf6 39. Kb3 Rxh6 0-1

[Event "Božićni turnir u VaraždinskimToplicama 26.12.2025."]
[Site "Varazdinske Toplice, Croatia"]
[Date "2025.12.26"]
[Round "5.5"]
[White "Sostaric, Denis"]
[Black "Mesar, Darko"]
[Result "1-0"]
[TimeControl "10"]
[WhiteFideId "14615851"]
[BlackFideId "14531038"]
[WhiteElo "1868"]
[BlackElo "1851"]

1. e4 c5 2. Nf3 a6 3. d4 cxd4 4. Nxd4 Nf6 5. Nc3 e5 6. Nf3 Bb4 7. Bc4 O-O 8. Bg5 d6 9. O-O Bxc3 10.
bxc3 h6 11. Bxf6 Qxf6 12. Qd3 Nc6 13. Rfd1 Rd8 14. Bd5 Bg4 15. h3 Bh5 16. g4 Bg6 17. Rab1 Qe7 18. Rb6 Qc7 19. Rdb1 Rab8 20.
Nh4 Bh7 21. Nf5 Bxf5 22. exf5 Rdc8 23. f6 Nd8 24. fxg7 Qxc3 25. Qf5 Rc7 26. Be4 Kxg7 27. Qh7+ Kf8 28. Rxd6 Qxh3 29. Qh8+ Ke7 30. Qxe5+ Ne6 31. Rxe6+ fxe6 32.
Qxc7+ Kf6 33. Qxb8 Qxg4+ 34. Bg2 1-0

[Event "Božićni turnir u VaraždinskimToplicama 26.12.2025."]
[Site "Varazdinske Toplice, Croatia"]
[Date "2025.12.26"]
[Round "5.6"]
[White "Srnec, Sladjan"]
[Black "Bozinovic, Bogdan"]
[Result "0-1"]
[TimeControl "10"]
[WhiteFideId "14524554"]
[BlackFideId "14502593"]
[WhiteElo "1795"]
[BlackElo "2129"]

1. f4 Nh6 2. Nf3 e6 3. e3 d5 4. d4 c5 5. c3 Nc6 6. Bd3 Be7 7. O-O b6 8. Bb5 Bd7 9. Bxc6 Bxc6 10. Ne5 Bd7 11. Nxd7 Qxd7 12. Nd2 Nf5 13.
Nf3 O-O 14. Qe2 Nd6 15. Bd2 Rac8 16. Be1 Qb5 17. Qxb5 Nxb5 18.
Rf2 Nd6 19. Nd2 f5 20. Rf3 b5 21. dxc5 Rxc5 22. Nb3 Rcc8 23. Nd4 Kf7 24. a3 Bf6 25.
Nb3 Nc4 26. Rb1 a5 27. Nd2 Nd6 28. h3 Rb8 29. g4 g6 30. Kg2 b4 31. axb4 axb4 32. cxb4 Rxb4 33. b3 Rfb8 34. Rc1 R4b7 35.
Rc6 Ke7 36. b4 Kd7 37. Rxd6+ Kxd6 38. Nb3 Rxb4 39. Bxb4+ Rxb4 40. e4 fxe4 41. Rg3 e5 42. g5 exf4 43. Rg4 f3+ 44. Kf1 Rxb3 45.
gxf6 Ke6 46. Rg5 e3 47. Ke1 0-1

[Event "Božićni turnir u VaraždinskimToplicama 26.12.2025."]
[Site "Varazdinske Toplice, Croatia"]
[Date "2025.12.26"]
[Round "5.7"]
[White "Vukmirovic, Dusan"]
[Black "Kovacek, Pavlo"]
[Result "0-1"]
[TimeControl "10"]
[WhiteFideId "938785"]
[BlackFideId "14559200"]
[WhiteElo "2082"]
[BlackElo "1704"]

1. e4 c5 2. Nf3 e6 3. d4 cxd4 4. Nxd4 Nf6 5. Nc3 Bb4 6. Ndb5 d5 7. exd5 Nxd5 8.
Bd3 a6 9. Qg4 Kf8 10. O-O h5 11. Qe4 f5 12. Qe2 axb5 13. Nxb5 Nc6 14. c4 Nc7 15. Rd1 Qe7 16. Bf4 e5 17.
Bg5 Qf7 18. a3 Bc5 19. b4 Bd4 20. Nxd4 exd4 21. b5 Ne7 22. Qe5 Ne6 23. Bxe7+ Kxe7 24. Bxf5 Rf8 25. Bh3 Qxf2+ 26. Kh1 Qf6 27. Qe4 g5 28. Re1 g4 29. Kg1 Qf2+ 30. Kh1 gxh3 31. Rg1 Qe3 32. Qh7+ Rf7 33.
Qxh5 Bd7 34. Qh4+ Qg5 35. Qxh3 Qf5 36.
Qh4+ Qf6 37. Qh3 Rh8 38.
Qd3 Qe5 39. h3 Qe3 40. Qg6 Rxh3+ 41. gxh3 Qxh3# 0-1

[Event "Božićni turnir u VaraždinskimToplicama 26.12.2025."]
[Site "Varazdinske Toplice, Croatia"]
[Date "2025.12.26"]
[Round "5.8"]
[White "Hergotic, Ivica"]
[Black "Jakupec, Denis"]
[Result "1-0"]
[TimeControl "10"]
[WhiteFideId "14523884"]
[BlackFideId "14503310"]
[WhiteElo "2054"]
[BlackElo "1971"]

1. e4 c5 2. f4 d5 3. e5 Nc6 4. Nf3 Bf5 5. Bb5 e6 6. Bxc6+ bxc6 7. O-O h5 8. d3 Ne7 9. Nc3 Bg4 10. Be3 Nf5 11. Bf2 Be7 12.
h3 Bxf3 13. Qxf3 h4 14. b3 Qa5 15. Na4 O-O-O 16. c3 f6 17. Rfe1 fxe5 18. Rxe5 Kd7 19.
Rae1 Rh6 20. Qe2 1-0

[Event "Božićni turnir u VaraždinskimToplicama 26.12.2025."]
[Site "Varazdinske Toplice, Croatia"]
[Date "2025.12.26"]
[Round "5.9"]
[White "Sardi, Darko"]
[Black "Matkun, Josip"]
[Result "1-0"]
[TimeControl "10"]
[WhiteFideId "14511100"]
[BlackFideId "14513765"]
[WhiteElo "1905"]
[BlackElo "1832"]

1. e4 c5 2. c3 d6 3. d4 cxd4 4. cxd4 Nf6 5. Nc3 a6 6. f4 e6 7. Nf3 Be7 8. Bd3 Nc6 9. O-O O-O 10. h3 Qc7 11. Be3 b5 12.
a3 Bb7 13. Rc1 Qb8 14. b4 Qd8 15. Bb1 Re8 16. Qd3 g6 17. f5 Bf8 18. fxg6 hxg6 19. Bg5 Be7 20. Ba2 Nh5 21. Be3 Bf6 22.
Ne2 d5 23. e5 Be7 24. Bb1 Ng7 25. Nf4 a5 26. Nxg6 Nf5 27. Nxe7+ Ncxe7 28. Bg5 Qb6 29. g4 axb4 30. axb4 Ng6 31.
gxf5 exf5 32. Qxf5 Bc8 33. Qd3 Bxh3 34. Rf2 Qe6 35. Nh2 Rac8 36. Rd1 1-0

[Event "Božićni turnir u VaraždinskimToplicama 26.12.2025."]
[Site "Varazdinske Toplice, Croatia"]
[Date "2025.12.26"]
[Round "5.10"]
[White "Hostnjak, Hrvoje"]
[Black "Jarnjak, Zlatko"]
[Result "0-1"]
[TimeControl "10"]
[WhiteFideId "14551470"]
[BlackFideId "79305938"]
[WhiteElo "1704"]
[BlackElo "1644"]

1. e4 d6 2. d4 Nf6 3. Bd3 e5 4. c3 Be7 5. Ne2 O-O 6. O-O Bg4 7. Nd2 Nbd7 8. h3 Bh5 9. g4 Bg6 10.
f4 exf4 11. Nxf4 c5 12. b3 cxd4 13. cxd4 d5 14. Nxg6 fxg6 15. e5 Qc7 16. Qe2 Ne8 17. Rxf8+ Nxf8 18. Nf3 Ne6 19. Be3 g5 20.
Rc1 Qb6 21. Kg2 Nf4+ 22. Bxf4 gxf4 23. Qc2 g6 24. h4 Qe6 25. Kh3 Ng7 26. Qd2 Rf8 27. Rg1 Nh5 28. Kh2 Ng3 29. Rxg3 fxg3+ 30. Kxg3 Qf7 31. Qe3 Bb4 32.
h5 gxh5 33. e6 Bd6+ 34. Kg2 Qg7 35. g5 Bf4 36. e7 Bxe3 37. exf8=Q+ Qxf8 38. Ne5 Qf2+ 39. Kh3 Bf4 40. Kg4 Bxe5+ 41. dxe5 Qd4+ 42. Kf5 Qxd3+ 43. e6 Kf8+ 44. Kf6 Qf3+ 45. Ke5 Ke7 0-1

[Event "Božićni turnir u VaraždinskimToplicama 26.12.2025."]
[Site "Varazdinske Toplice, Croatia"]
[Date "2025.12.26"]
[Round "5.11"]
[White "Veres, Vedran"]
[Black "Kodric, Vladimir"]
[Result "0-1"]
[TimeControl "10"]
[WhiteFideId "79330134"]
[BlackFideId "14604264"]
[WhiteElo "1930"]
[BlackElo "1920"]

1. e4 e6 2. d4 d5 3. exd5 exd5 4. Nf3 Bf5 5. Bd3 Bxd3 6.
Qxd3 c6 7. O-O Bd6 8. Re1+ Ne7 9.
Bg5 f6 10. Bh4 O-O 11. Nbd2 Qd7 12. Bg3 Nf5 13. Bxd6 Nxd6 14. Re2 Na6 15. c3 Rae8 16. Rae1 g6 17. b3 Rxe2 18. Rxe2 Re8 19.
h3 Nc7 20. Rxe8+ Qxe8 21. Qe3 Ncb5 22. c4 dxc4 23. bxc4 Qxe3 24. fxe3 Na3 25. c5 Ndc4 26. Nxc4 Nxc4 27. Kf2 b6 28.
cxb6 axb6 29. Ke2 Kf7 30. Kd3 Nd6 31.
e4 Ke6 32. g4 Nb5 33. Kc4 Nc7 34. a4 Kd6 35. h4 Ke6 36. Kb4 Kd6 37. Kc4 Ne6 38. Kb4 Nf4 39. Kc4 Ng2 40. h5 Ne3+ 41.
Kd3 Nxg4 42. hxg6 hxg6 43. Nh4 g5 44. Nf5+ Kd7 45. Ng7 Nf2+ 46. Ke3 Nd1+ 47. Kf3 Nc3 48. Nh5 Ke7 49. Ke3 Nxa4 50. e5 fxe5 51. dxe5 Ke6 52. Ke4 Nc3+ 53. Kd4 Ne2+ 54. Ke4 c5 55. Ng7+ Kf7 56. Nf5 Nf4 57. Nd6+ Ke6 58. Nc4 b5 59. Ne3 Ng6 60. Nc2 Nxe5 0-1

[Event "Božićni turnir u VaraždinskimToplicama 26.12.2025."]
[Site "Varazdinske Toplice, Croatia"]
[Date "2025.12.26"]
[Round "5.13"]
[White "Bicanic, Mile"]
[Black "Bedekovic, Jakov"]
[Result "1-0"]
[TimeControl "10"]
[WhiteFideId "14579995"]
[BlackFideId "14596458"]
[WhiteElo "1761"]
[BlackElo "1965"]

1. d4 f5 2. Bf4 Nf6 3. e3 g6 4.
Nf3 Bg7 5. h3 O-O 6. Nbd2 d6 7. Bc4+ e6 8. Qe2 c6 9. Bb3 a5 10. a4 Na6 11. c3 Qe7 12. O-O Nc7 13. Nc4 Rd8 14.
Nb6 Ra6 15. Nxc8 Rxc8 16. Nd2 Nfd5 17. Bg3 Kh8 18. e4 Nb6 19. exf5 gxf5 20. Rfe1 Re8 21. Bc2 Rf8 22. Qh5 Nbd5 23.
Nc4 Nf6 24. Qxf5 Qf7 25. Qd3 c5 26. Bxd6 cxd4 27. Bxf8 Bxf8 28. Qxd4 Ncd5 29. Ne5 Qh5 30. Ng4 Bg7 31. Nxf6 Bxf6 32.
Qg4 Qxg4 33. hxg4 Rb6 34. Rab1 Kg7 35. g3 h6 36. Be4 Ne7 37. Red1 Kf7 38. Rd7 Ke8 39. Rc7 Nd5 40. Bxd5 exd5 41. Rc5 d4 42. cxd4 Bxd4 43. Rxa5 Rb3 44. Kg2 Bxb2 45. Rb5 Rxb5 46. axb5 Bd4 47. Rd1 Bc5 48. Kf3 b6 49. Ke2 Ke7 50. f4 Ke6 51. Kd3 Bf2 52. Ke4 Bxg3 53. Rh1 Bf2 54. Rxh6+ Kf7 55. Rc6 Ke7 56. g5 Kf7 57.
f5 Bg1 58. Rc7+ Kf8 59. Kd5 Be3 60.
g6 Bg5 61. Ke6 Ke8 62. Rb7 Bd8 63.
Rb8 Kf8 64. Rxd8+ Kg7 65. Rd7+ Kf8 66. Rb7 Kg8 67. Rxb6 Kg7 68. Rb7+ Kh6 69. Kf7 Kg5 70.
f6 Kf5 71. g7 Ke5 72. g8=Q Kd6 73.
Qd8+ Kc5 74. Rc7+ Kb4 75. b6 Ka5 76. b7 Ka6 77. Qa8+ Kb6 1-0

[Event "Božićni turnir u VaraždinskimToplicama 26.12.2025."]
[Site "Varazdinske Toplice, Croatia"]
[Date "2025.12.26"]
[Round "5.15"]
[White "Ferencak, Neven"]
[Black "Forstnaric, Zdravko"]
[Result "0-1"]
[TimeControl "10"]
[WhiteFideId "14523833"]
[BlackFideId "14523841"]
[WhiteElo "1880"]
[BlackElo "1836"]

1. f4 g6 2. Nf3 Bg7 3. d3 Nc6 4. e4 d6 5. Nc3 Bg4 6.
Be2 Nf6 7. O-O O-O 8. h3 Bxf3 9. Bxf3 Nd4 10. Be3 c5 11. Bxd4 cxd4 12. Ne2 e5 13. g4 Qb6 14. b3 Rac8 15. Rc1 d5 16. fxe5 Nd7 17. exd5 Nxe5 18. Bg2 Bh6 19. Nf4 Qd6 20. Qe1 Nc4 21.
bxc4 Bxf4 22. Rd1 Rce8 23. Qa5 Re2 24. c5 Be3+ 25. Kh1 Qg3 26. Rg1 Bxg1 27. Rxg1 Rxc2 28. d6 b6 29. cxb6 axb6 30. Qxb6 Rxa2 31. d7 Qb8 32. Qxd4 Qc7 33. Qd5 Ra7 34.
Rf1 Qxd7 35. Qxd7 Rxd7 36. Be4 Kg7 37. Kg2 Rb8 38. Kg3 f6 39. Rc1 Rb3 40. Rc5 Re7 41. Kf4 Ra3 42. h4 Ra1 43. d4 Rf1+ 44. Bf3 h6 45.
d5 g5+ 46. hxg5 hxg5+ 47. Kg3 Re3 48.
d6 Rfxf3+ 49. Kg2 Rd3 50.
Rc7+ Kg6 51. d7 Rfe3 52. Kf2 Re6 53. Rb7 Red6 0-1

[Event "Božićni turnir u VaraždinskimToplicama 26.12.2025."]
[Site "Varazdinske Toplice, Croatia"]
[Date "2025.12.26"]
[Round "6.3"]
[White "Kodric, Vladimir"]
[Black "Vidovic, Sasa"]
[Result "0-1"]
[TimeControl "10"]
[WhiteFideId "14604264"]
[BlackFideId "14505010"]
[WhiteElo "1920"]
[BlackElo "2202"]

1. d4 Nf6 2. c3 d6 3. Bf4 Bg4 4. Nd2 Nbd7 5. h3 Bh5 6. Ngf3 c6 7. Qb3 b6 8. e3 e6 9.
Be2 Be7 10. Nc4 d5 11. Nd6+ Bxd6 12. Bxd6 Ne4 13. Bh2 O-O 14. a4 c5 15. Qd1 c4 16. O-O a6 17. Ne5 Bxe2 18. Qxe2 Nxe5 19.
Bxe5 f6 20. Bh2 Qd7 21. Qc2 b5 22. axb5 axb5 23. f3 Ng5 24. b3 Nf7 25. Qb2 Nd6 26. b4 Nf5 27. e4 Ne7 28. Rxa8 Rxa8 29. Ra1 Qb7 30. Bd6 Nc8 31. e5 fxe5 32. Bxe5 Ne7 33. Bd6 Rxa1+ 34. Qxa1 Nf5 35. Bf4 h6 36. Qa5 Qd7 37. g4 Nh4 38. Qa8+ Kh7 39. Kf2 Qf7 40. Ke3 g5 41. Be5 Qxf3+ 42. Kd2 Qf7 43. Qh8+ Kg6 44. Ke2 Nf3 45. Bd6 Ng1+ 46.
Kd2 Nxh3 47. Qb8 Nf2 48. Be5 Nxg4 49. Qxb5 Kf5 50. Qb8 Ke4 51. Qh8 Qf2+ 52. Kc1 Kd3 53. Qh7+ Kxc3 0-1

[Event "Božićni turnir u VaraždinskimToplicama 26.12.2025."]
[Site "Varazdinske Toplice, Croatia"]
[Date "2025.12.26"]
[Round "6.4"]
[White "Radic, Goran"]
[Black "Soelkner, Julian"]
[Result "1-0"]
[TimeControl "10"]
[WhiteFideId "14533995"]
[BlackFideId "1665421"]
[WhiteElo "2051"]
[BlackElo "1661"]

1. d4 Nf6 2. Nc3 e6 3.
Bf4 c5 4. d5 exd5 5. Nxd5 d6 6. c4 Nxd5 7. Qxd5 Nc6 8. Nf3 Be6 9. Qd3 Be7 10. g3 Nb4 11. Qd2 Qa5 12. Rc1 Qxa2 13.
Bg2 Rd8 14. O-O O-O 15. Ra1 Qxc4 16. Rxa7 Rd7 17. Ng5 Bd5 18. Rc1 Qb3 19. Rc3 Qxc3 20. bxc3 Bxg2 21. cxb4 Bc6 22. h4 cxb4 23.
Qxb4 d5 24. Qb1 g6 25. h5 d4 26. Qd3 Bf6 27. Nf3 Re8 28. Ra1 Be4 29. Qb5 Bc6 30. Qd3 Be4 31. Qa3 d3 32. Re1 Bxf3 33. hxg6 hxg6 34. e4 d2 35. Bxd2 Rxd2 36. Qxf3 Bd4 37. Re2 Rd1+ 38. Kg2 Bc5 39.
e5 Rd7 40. e6 Rxe6 41. Rxe6 fxe6 42. Qf6 Re7 43. Qxg6+ Kf8 44. Qh6+ Ke8 45. Qh5+ Kd7 46. Qxc5 1-0

[Event "Božićni turnir u VaraždinskimToplicama 26.12.2025."]
[Site "Varazdinske Toplice, Croatia"]
[Date "2025.12.26"]
[Round "6.5"]
[White "Kovacek, Pavlo"]
[Black "Mravunac, Damir"]
[Result "0-1"]
[TimeControl "10"]
[WhiteFideId "14559200"]
[BlackFideId "14502810"]
[WhiteElo "1704"]
[BlackElo "2044"]

1. e4 c5 2. Nf3 e6 3. d4 cxd4 4.
Nxd4 a6 5. c4 Nf6 6. Nc3 Bc5 7. Be3 h5 8. f3 Qc7 9. Be2 h4 10. Rc1 d6 11. Qd2 Bd7 12. a3 Nc6 13. b4 Ba7 14.
Rd1 Ne5 15. Nb3 Bxe3 16. Qxe3 Nxc4 17. Bxc4 Qxc4 18. Na5 Qc7 19. Qd4 h3 20. g3 Rc8 21. Ne2 b6 22. Nb3 Ba4 23. Nec1 Qc3+ 24.
Kf2 Bxb3 25. Nxb3 Qxb3 26. Qxd6 Rc2+ 27. Rd2 Rxd2+ 28. Qxd2 O-O 29. Rc1 Qxa3 30. g4 a5 31. Rb1 Rc8 32.
Kg3 Nxe4+ 0-1

[Event "Božićni turnir u VaraždinskimToplicama 26.12.2025."]
[Site "Varazdinske Toplice, Croatia"]
[Date "2025.12.26"]
[Round "6.6"]
[White "Forstnaric, Zdravko"]
[Black "Sostaric, Denis"]
[Result "0-1"]
[TimeControl "10"]
[WhiteFideId "14523841"]
[BlackFideId "14615851"]
[WhiteElo "1836"]
[BlackElo "1868"]

1. d4 d5 2. c4 e6 3.
Nc3 Be7 4. Nf3 Nf6 5. h3 O-O 6. Bf4 c6 7. e3 Nbd7 8. Bd3 dxc4 9. Bxc4 b5 10. Bd3 Bb7 11. O-O a6 12. Qc2 c5 13. dxc5 Nxc5 14.
Rad1 Nxd3 15. Rxd3 Qb6 16. a3 Bxf3 17. gxf3 Rac8 18. Qe2 a5 19. Rfd1 b4 20. axb4 axb4 21. Ne4 Nd5 22. Be5 f5 23. Ng3 Bf6 24.
e4 Bxe5 25. exd5 Bxg3 26. dxe6 Bh4 27. Rd6 Qc5 28. Kg2 Rce8 29. R1d5 Qc1 30. Rd7 Rf6 31. e7 Rg6+ 0-1

[Event "Božićni turnir u VaraždinskimToplicama 26.12.2025."]
[Site "Varazdinske Toplice, Croatia"]
[Date "2025.12.26"]
[Round "6.7"]
[White "Bozinovic, Bogdan"]
[Black "Bicanic, Mile"]
[Result "1-0"]
[TimeControl "10"]
[WhiteFideId "14502593"]
[BlackFideId "14579995"]
[WhiteElo "2129"]
[BlackElo "1761"]

1. d4 d5 2. c4 c6 3. Nc3 Nf6 4. Nf3 g6 5. Bf4 Bg7 6. e3 Bg4 7. h3 Bxf3 8. Qxf3 e6 9. Bd3 O-O 10.
O-O Nbd7 11. Bd6 Re8 12. c5 e5 13. Qd1 e4 14. Be2 Bf8 15. Bh2 Rc8 16. b4 b6 17. Qa4 bxc5 18. bxc5 Bg7 19. Ba6 Nh5 20. Bxc8 Qxc8 21.
Qxa7 Bf6 22. Na4 Ng7 23. Rab1 Nf8 24. Rb7 Qa8 25. Rxf7 Qxa7 26. Rxa7 Nfe6 27. Rd1 g5 28. Bd6 h5 29.
Nb6 Nf5 30. Nd7 Bg7 31. Ne5 Nxd6 32. cxd6 c5 33. d7 Rf8 34. Nc6 cxd4 35. Nxd4 Bxd4 36. exd4 Rd8 37. a4 g4 38. hxg4
hxg4 39. a5 Kf8 40. a6 Rb8 41. Rb7 Ra8 42. a7 Nd8 43. Rb8 Rxa7 44. Rxd8+ Ke7 45. Rg8 1-0

[Event "Božićni turnir u VaraždinskimToplicama 26.12.2025."]
[Site "Varazdinske Toplice, Croatia"]
[Date "2025.12.26"]
[Round "6.8"]
[White "Jarnjak, Zlatko"]
[Black "Hergotic, Ivica"]
[Result "0-1"]
[TimeControl "10"]
[WhiteFideId "79305938"]
[BlackFideId "14523884"]
[WhiteElo "1644"]
[BlackElo "2054"]

1. d4 Nf6 2. Nf3 e6 3.
e3 d5 4. Bd3 c5 5. b3 Nc6 6.
Bb2 cxd4 7. exd4 Bd6 8. O-O O-O 9. Ne5 Nd7 10. f4 Ndxe5 11. fxe5 Be7 12.
Qh5 g6 13. Qg4 Nb4 14. Nc3 Nxd3 15. cxd3 b6 16. Bc1 Ba6 17. Rf3 Rc8 18. Ne2 h5 19. Qf4 Rc2 20. Ng3 h4 21. Qh6 Rxc1+ 22. Qxc1 Bg5 23. Qa3 hxg3 24. Qxa6 gxh2+ 25. Kxh2 Qc7 26. Raf1 Kg7 27. Qa3 f6 28. Qd6 Qxd6 29. exd6 Rd8 30. b4 Rxd6 31. a4 Rc6 32. Rb1 Kf7 33. b5 Rc3 34. Ra1 f5 35. a5 Bd8 36. a6 g5 37. Rff1 Bf6 38.
Rfc1 Bxd4 39. Rxc3 Bxc3 40. Kg3 Bxa1 0-1

[Event "Božićni turnir u VaraždinskimToplicama 26.12.2025."]
[Site "Varazdinske Toplice, Croatia"]
[Date "2025.12.26"]
[Round "6.10"]
[White "Mitrovic, Boris"]
[Black "Kunovac, Marin"]
[Result "1-0"]
[TimeControl "10"]
[WhiteFideId "14610655"]
[BlackFideId "79326005"]
[WhiteElo "1968"]
[BlackElo "1415"]

1. Nf3 d5 2. e3 Nf6 3. c4 g6 4. Nc3 Bg7 5. Qb3 c6 6. Be2 Na6 7. d4 O-O 8.
O-O Rb8 9. cxd5 Nc7 10. dxc6 b6 11. Rd1 Qd6 12. d5 Bg4 13. e4 e5 14. Bg5 Rfd8 15. Bh4 Re8 16. Bg3 Nh5 17. Nd2 Bxe2 18.
Nxe2 Bh6 19. Nc4 Qf6 20. d6 Nxg3 21. Qxg3 Nb5 22. a4 Nd4 23. Nxd4 exd4 24. d7 Rf8 25. c7 Ra8 26. Qd6 Qxd6 27.
Nxd6 Bf4 28. c8=Q Bxd6 29. Qc6 Bc5 30. Rab1 Rad8 31. b4 Be7 32. Rxd4 Bg5 33. e5 f6 34. e6 f5 35. Qd6 Bf6 36.
Rc4 1-0

[Event "Božićni turnir u VaraždinskimToplicama 26.12.2025."]
[Site "Varazdinske Toplice, Croatia"]
[Date "2025.12.26"]
[Round "6.12"]
[White "Vidovic, Fran"]
[Black "Marcec, Fran"]
[Result "0-1"]
[TimeControl "10"]
[WhiteFideId "14575523"]
[BlackFideId "79313183"]
[WhiteElo "1780"]
[BlackElo "1150"]

1. d4 d5 2. Bf4 e6 3. e3 Bd6 4. Bg3 h5 5. Nf3 g5 6. c3 h4 7. Bxd6 cxd6 8. h3 Nc6 9. Bb5 Bd7 10. Nbd2 f5 11. Qc2 Qf6 12. Nh2 Nge7 13. O-O-O Rc8 14.
Kb1 a6 15. Bxc6 Nxc6 16. Qb3 b5 17.
Qa3 Ke7 18. Qxa6 Ra8 19. Qxb5 Nxd4 20. Qd3 Nc6 21. c4 Rhb8 22. b3 Rxa2 23.
cxd5 Qb2# 0-1

[Event "Božićni turnir u VaraždinskimToplicama 26.12.2025."]
[Site "Varazdinske Toplice, Croatia"]
[Date "2025.12.26"]
[Round "6.14"]
[White "Mundja, Zlatko"]
[Black "Hostnjak, Hrvoje"]
[Result "0-1"]
[TimeControl "10"]
[WhiteFideId "14593971"]
[BlackFideId "14551470"]
[WhiteElo "1479"]
[BlackElo "1704"]

1. e4 c6 2. d4 d5 3. exd5 cxd5 4. c4 Nf6 5. Nc3 e6 6. Nf3 Nc6 7. a3 Be7 8. c5 O-O 9. Bd3 Re8 10. O-O Bf8 11. b4 e5 12. dxe5 Nxe5 13.
Nxe5 Rxe5 14. Bf4 Re8 15. Bg5 Be7 16. Qc2 h6 17. Bh4 Be6 18. Rad1 Rc8 19. Rfe1 b6 20. Bb5 Rf8 21. Bxf6 Bxf6 22. Ne4 bxc5 23. Nxc5 Qb6 24.
Qa4 Rfd8 25. Nxe6 fxe6 26. Bd7 Rc3 27. Bxe6+ Kh8 28. Bxd5 Rf8 29. Re8 Rc8 30. Rxc8 Rxc8 31. Re1 Qd8 32. Bf7 Kh7 33. Be6 Qd2 34. Bf5+ g6 35. Rd1 Rc1 36. Bg4 Qe1+ 37. Bf5 Qd2 38. Qd7+ Bg7 39. Qxa7 Rc8 40.
Qa4 Qd8 41. Be6 Kg8 42. Bf5 0-1

[Event "Božićni turnir u VaraždinskimToplicama 26.12.2025."]
[Site "Varazdinske Toplice, Croatia"]
[Date "2025.12.26"]
[Round "6.15"]
[White "Resman, Boris"]
[Black "Obad, Damir"]
[Result "0-1"]
[TimeControl "10"]
[WhiteFideId "14513781"]
[BlackFideId "14514532"]
[WhiteElo "1708"]
[BlackElo "1999"]

1. e4 c5 2. Nf3 d6 3. d4 cxd4 4.
Nxd4 Nf6 5. Nc3 a6 6. Be3 Nbd7 7.
f3 e6 8.
Qd2 Qc7 9. O-O-O b5 10. Kb1 Be7 11. g4 O-O 12. h4 Nc5 13. h5 Nfd7 14. g5 Ne5 15. g6 b4 16. Nce2 fxg6 17. Nf4 Bg5 18.
Bh3 Bxf4 19. Bxf4 Nc4 20. Qc1 e5 21. hxg6 Rxf4 22. Nf5 Bxf5 23. exf5 Na4 24. gxh7+ Kh8 25. c3 Naxb2 26. Rdg1 bxc3 27.
Ka1 Nd2 28. f6 Rxf6 29. Rg3 Qa5 30. Rxg7 Nb3+ 31. Kb1 Nxc1 32. Rg8+ Rxg8 33. hxg8=Q+ Kxg8 34. Bf5 0-1